Map: Tropical Sacrifice

Players

A.I. 1 (Very Easy) - Winner!

  • Race: Terran Terran
  • Spawn Location: 1:00

WakaK

  • Race: Protoss Protoss
  • League: Diamond
  • Spawn Location: 7:00

VOD

Have the link to the VOD?

Description

Time

  • Played on: Oct. 22, 2022, 8:33 a.m.
  • Length: 8:43
Show
View Real Time Build Order
Export as new Build Order

A.I. 1 (Very Easy) Terran - Winner!

Build Orders:  

Get SALT Encoding   

  12  0:00  SCV  
  13  0:13  SCV  
  14  0:20  Supply Depot  
  14  0:37  Refinery  
  14  0:46  Barracks  
  14  1:05  Supply Depot  
  14  1:12  Refinery  
  14  1:30  SCV  
  15  1:33  Marine  
  16  1:42  SCV  
  17  1:54  SCV  
  18  2:06  SCV  
  19  2:08  Marine  
  20  2:18  SCV  
  21  2:30  SCV  
  22  2:43  Marine, Orbital Command  
  23  4:23  SCV  
  23  5:58  Marine, SCV  
  23  6:00  Supply Depot  
  23  6:01  Factory  
  25  6:21  SCV  
  26  6:26  Supply Depot  
  26  6:32  Barracks Tech Lab  
  26  6:33  SCV  
  24  6:45  SCV, Starport  
  25  6:50  Command Center, Marine  
  26  6:57  SCV  
  27  7:23  Starport Tech Lab  
  27  7:25  Marauder  
  31  7:50  Raven  
  30  7:59  Marine  
  30  8:03  SCV  
  32  8:09  Refinery  
  32  8:11  SCV  
  33  8:15  Refinery  
  33  8:18  SCV  
  34  8:25  SCV  
  36  8:30  Factory  
Show
View Real Time Build Order
Export as new Build Order

WakaK Protoss 

Build Orders: Phoenix Opening, Colossus Rush 

Get SALT Encoding   

  12  0:00  Probe  
  13  0:12  Probe  
  14  0:18  Pylon  
  14  0:25  Probe (Chrono Boost)  
  15  0:37  Probe (Chrono Boost)  
  15  0:38  Gateway  
  16  0:45  Probe (Chrono Boost)  
  16  0:46  Assimilator  
  17  0:51  Probe  
  18  0:58  Assimilator  
  18  1:03  Pylon  
  18  1:05  Probe  
  19  1:18  Probe (Chrono Boost)  
  20  1:24  Cybernetics Core  
  20  1:30  Probe (Chrono Boost)  
  23  1:37  Probe (Chrono Boost)  
  24  1:44  Probe  
  23  1:56  Nexus  
  25  2:02  Warp Gate  
  25  2:04  Sentry  
  25  2:09  Pylon  
  25  2:12  Probe  
  26  2:22  Robotics Facility  
  26  2:24  Probe  
  27  2:32  Stalker  
  27  2:34  Phoenix  
  27  2:36  Probe  
  30  2:48  Probe  
  31  3:02  Stalker, Probe  
  34  3:07  Probe  
  34  3:10  Observer  
  34  3:12  Pylon  
  36  3:14  Probe  
  36  3:19  Probe  
  38  3:26  Probe  
  39  3:32  Stargate, Probe (Chrono Boost)  
  39  3:33  Gateway  
  40  3:39  Probe (Chrono Boost)  
  40  3:40  Assimilator  
  41  3:44  Probe (Chrono Boost)  
  41  3:45  Assimilator  
  41  3:48  Observer  
  43  3:50  Probe (Chrono Boost)  
  43  3:52  Probe (Chrono Boost)  
  43  3:55  Stalker, Probe (Chrono Boost)  
  47  3:58  Probe  
  49  4:05  Probe  
  50  4:10  Probe  
  51  4:17  Probe  
  51  4:19  Immortal  
  51  4:22  Probe  
  57  4:29  Probe  
  62  4:35  Void Ray  
  62  4:36  Pylon  
  62  4:39  Pylon  
  62  4:50  Immortal  
  62  4:54  Probe  
  67  5:09  Robotics Bay  
  67  5:12  Void Ray (Chrono Boost)  
  71  5:20  Pylon  
  71  5:21  Pylon  
  71  5:23  Gateway x2  
  71  5:29  Warp Prism (Chrono Boost)  
  73  5:41  Void Ray  
  77  5:44  Pylon  
  77  5:54  Colossus (Chrono Boost)  
  77  5:59  Extended Thermal Lance  
  83  6:08  Gateway  
  83  6:10  Gateway  
  83  6:11  Gateway  
  83  6:18  Gateway  
  83  6:19  Void Ray  
  87  6:36  Colossus (Chrono Boost)  
  97  7:02  Void Ray  
  97  7:04  Pylon  
  97  7:05  Pylon  
  97  7:08  Pylon x2  
  97  7:09  Pylon  
  97  7:22  Stalker x5  
  107  7:24  Stalker  
  107  7:26  Sentry  
  107  7:27  Sentry  
  113  7:57  Stalker x7  
  127  8:23  Zealot  
  127  8:24  Zealot x6  
Tags
 
Add a new tag
Caveats
  • Supply blocks, unpowered buildings, or Contaminate may cause inaccurate times.
  • Supply counts are checked every 10 seconds.